 Dungeon Crawl Stone Soup version 0.24.0-13-gcf9b3192b9 (webtiles) character file.

Game seed: 13847387615782784794, levelgen mode: deterministic

415 Acheron the Chopper (level 6, -13/53 HPs)
             Began as a Minotaur Berserker on Nov 6, 2019.
             Was a Believer of Trog.
             Mangled by an orc warrior
             ... wielding a +0 halberd
              (19 damage)
             ... on level 7 of the Dungeon.
             The game lasted 00:09:48 (2503 turns).

Acheron the Chopper (Minotaur Berserker)            Turns: 2503, Time: 00:09:48

Health: -13/53     AC:  9    Str: 21    XL:     6   Next: 60%
Magic:  5/5        EV: 10    Int:  6    God:    Trog [**....]
Gold:   199        SH:  4    Dex: 10    Spells: 5/5 levels left

rFire    . . .     SeeInvis .   a - +0 hand axe
rCold    . . .     Gourm    .   g - +0 buckler
rNeg     . . .     Faith    .   u - +0 scale mail
rPois    .         Spirit   .   (helmet restricted)
rElec    .         Reflect  .   r - +0 cloak (curse)
rCorr    .         Harm     .   (no gloves)
MR       ++...                  v - +0 pair of boots
Stlth    ..........             (no amulet)
HPRegen  1.17/turn              (no ring)
MPRegen  0.09/turn              (no ring)

@: regenerating
A: retaliatory headbutt, horns 2
a: Berserk, Trog's Hand, Renounce Religion


You were on level 7 of the Dungeon.
You worshipped Trog.
Trog was pleased with you.
You were very hungry.

You visited 1 branch of the dungeon, and saw 7 of its levels.

You collected 199 gold pieces.

Inventory:

Hand Weapons
 a - a +0 hand axe (weapon)
 b - a +0 hunting sling
 o - a +0 short sword
 q - a +3 quarterstaff of chaos
Missiles
 m - 53 stones (quivered)
Armour
 g - a +0 buckler (worn)
 r - a cursed +0 cloak (worn)
 u - a +0 scale mail (worn)
 v - a +0 pair of boots (worn)
Scrolls
 j - 2 scrolls of remove curse
 k - 5 scrolls of identify
 n - 4 scrolls of fear
 p - 3 scrolls of random uselessness {unknown}
Potions
 d - a potion of heal wounds {unknown}
 e - 2 potions of might
 h - 2 potions of curing {unknown}
 i - a potion of cancellation {unknown}
 t - 2 potions of haste
Comestibles
 c - 8 rations
 s - 3 chunks of flesh


   Skills:
 + Level 4.4 Fighting
 + Level 5.2 Axes
 * Level 2.1 Throwing
 * Level 4.5 Armour
 * Level 3.2 Dodging
 * Level 1.9 Stealth
 * Level 2.2 Shields


You had 5 spell levels left.
You didn't know any spells.
Your spell library was empty.

Dungeon Overview and Level Annotations

Branches:
Dungeon (8/15)
 Temple: D:4-7         Lair: D:8-11

Altars:
Okawaru

Annotations:
D:6 Edmund


Innate Abilities, Weirdness & Mutations

You reflexively headbutt those who attack you in melee.
You have a pair of horns on your head.


Message History

Trog accepts your kill.
The orc warrior hits you but does no damage.
You see here an iguana corpse.
You barely miss the orc warrior. You block the orc warrior's attack.
You closely miss the orc warrior. The orc warrior misses you.
You hit the orc warrior but do no damage.
The orc warrior hits you with a +0 halberd!
You closely miss the orc warrior.
You headbutt the orc warrior, but do no damage.
The orc warrior hits you with a +0 halberd!
* * * LOW HITPOINT WARNING * * *
You hit the orc warrior but do no damage.
The orc warrior hits you with a +0 halberd.
* * * LOW HITPOINT WARNING * * *
You slash the orc warrior!
The orc warrior is moderately wounded.
The orc warrior hits you with a +0 halberd!
* * * LOW HITPOINT WARNING * * *
The orc warrior hits you from afar with a +0 halberd!!
You die...

#..#.......#.#..oo..o #
#..........#....h.###
#o####.#.......#........
#.#......###+#.#
#......##. ........Y.hY#
#......# .....######o#
######## .##. #o# # #†#
#@# #.# #.# ..# ###
..... >%##.... ###
......


You could see an orc warrior, an ice beast, a hound and an orc.

Vanquished Creatures
  A centaur skeleton (D:7)
  Crazy Yiuf (D:3)
  An iguana (D:7)
  2 adders (D:2)
  An ooze (D:3)
  A worm (D:2)
  4 dart slugs
  A leopard gecko (D:1)
  An orc (D:7)
  A ball python (D:2)
  4 bats
  2 giant cockroaches (D:2)
  9 goblins
  3 hobgoblins
  7 jackals
  2 quokkas
  5 frilled lizards
  8 kobolds
  2 rats
56 creatures vanquished.

Notes
Turn   | Place    | Note
-------+----------+-------------------------------------------
     0 | D:1      | Acheron the Minotaur Berserker began the quest for the Orb.
     0 | D:1      | Reached XP level 1. HP: 19/19 MP: 0/0
   383 | D:1      | Reached XP level 2. HP: 27/27 MP: 1/1
   942 | D:2      | Reached skill level 4 in Axes
   975 | D:2      | Reached XP level 3. HP: 29/33 MP: 2/2
  1307 | D:2      | Reached skill level 1 in Shields
  1309 | D:2      | Reached ** piety under Trog
  1322 | D:2      | Found an iron altar of Okawaru.
  1470 | D:2      | Reached skill level 1 in Throwing
  1470 | D:2      | Reached skill level 1 in Stealth
  1495 | D:2      | Reached XP level 4. HP: 40/40 MP: 3/3
  1863 | D:3      | Found a runed translucent door.
  1864 | D:3      | Noticed Crazy Yiuf
  1872 | D:3      | Killed Crazy Yiuf
  2305 | D:4      | You fall into a shaft and drop 3 floors!
  2306 | D:7      | Noticed a centaur warrior skeleton
  2320 | D:7      | Killed a centaur warrior skeleton
  2320 | D:7      | Reached skill level 5 in Axes
  2320 | D:7      | Reached XP level 5. HP: 41/47 MP: 4/4
  2320 | D:7      | Reached XP level 6. HP: 46/53 MP: 5/5
  2418 | D:6      | Noticed Edmund
  2422 | D:7      | Noticed an orc warrior
  2475 | D:7      | Noticed an ice beast
  2503 | D:7      | Mangled by an orc warrior

Levels and vault maps discovered:
D:1:      dpeg_arrival_arbitrary_b, layout_basic
D:2:      layout_basic, okawaru_ov_weapons_minmay
D:3:      layout_rooms, uniq_crazy_yiuf_cottage
D:4:      cheibrodos_thug_alley, layout_rooms
D:6:      layout_cave_pools, nicolae_overflow_hidden_temple, marbit_many_paths,
          kennysheep_mini, serial_shops, shop_fountains, uniq_edmund
D:7:      layout_basic, nzn_random_ring
D:8:      layout_loops_corners, kennysheep_little_box,
          amethyst_overflow_temple_binary, special_room [special_room_orc],
          uniq_joseph

Skill      XL: |  1  2  3  4 |
---------------+-------------+-----
Axes           | 4 5 |  5.2
Fighting       | 4 |  4.4
Shields        | 1 2 |  2.2
Throwing       | 1 2 |  2.1
Stealth        | 1 |  1.9
Armour         | 4 |  4.5
Dodging        | 3 |  3.2

Action                   |  1- 3 |  4- 6 || total
-------------------------+-------+-------++-------
Melee: Hand axe          |    86 |    48 ||   134
       Headbutt          |    10 |    12 ||    22
Invok: Berserk           |       |     1 ||     1
       Trog's Hand       |       |     1 ||     1
  Use: Scroll            |     5 |       ||     5
  Eat: Chunk             |     2 |     3 ||     5
Armor: Ring mail         |    30 |    10 ||    40
       Leather armour    |     1 |       ||     1
       Scale mail        |       |    11 ||    11
Dodge: Dodged            |    47 |    23 ||    70
Block: Buckler           |    11 |     7 ||    18
